 Dungeon Sprint DCSS version 0.21-a0-286-g6fcecc0 (webtiles) character file.

39 potatolord6000 the Conjurer (level 3, -10/26 HPs)
             Began as a Demigod Conjurer on Sept 27, 2017.
             Mangled by an ice beast (13 damage)
             ... while paralysed by a floating eye
             ... in the Dungeon (Sprint VII: "The Pits").
             The game lasted 00:01:44 (297 turns).

potatolord6000 the Conjurer (Demigod Conjurer)       Turns: 297, Time: 00:01:45

Health: -10/26     AC:  2    Str: 11    XL:     3   Next: 13%
Magic:  0/10       EV:  2    Int: 21    God:
Gold:   0          SH:  0    Dex: 16    Spells: 5/8 levels left

rFire    . . .     SeeInvis .   p - staff of energy
rCold    . . .     Gourm    .   (no shield)
rNeg     . . .     Faith    .   a - +0 robe
rPois    .         Spirit   .   (no helmet)
rElec    .         Reflect  .   (no cloak)
rCorr    .         Harm     .   (no gloves)
MR       .....     NoTele   +   (no boots)
Stlth    ++........             (no amulet)
HPRegen  0.08/turn              (no ring)
MPRegen  0.12/turn              (no ring)

@: paralysed
A: high mp 1
a: no special abilities


You were in the Dungeon.
You were not hungry.

You visited 1 branch

Inventory:

Armour
 a - a +0 robe (worn)
Magical Staves
 p - an uncursed staff of energy (weapon)
Scrolls
 i - a scroll of blinking
 k - 3 scrolls of remove curse
 l - 5 scrolls of amnesia
Potions
 d - a potion of curing
 e - a potion of heal wounds
 f - a potion of haste
 g - 4 potions of magic
 h - 2 potions of berserk rage
 j - 2 potions of invisibility
Books
 b - a book of Conjurations

   Spells                             Type                      Level
   a - Magic Dart                     Conjuration                  1
   b - Searing Ray                    Conjuration                  2
   c - Dazzling Spray                 Conjuration/Hexes            3
   d - Fulminant Prism                Conjuration/Hexes            4
   e - Force Lance                    Conjuration/Translocation    4
   f - Iskenderun's Mystic Blast      Conjuration                  4
Comestibles
 c - 8 bread rations
 n - 40 fruits
 o - 7 meat rations


   Skills:
 + Level 2.1 Staves
 + Level 3.2 Dodging
 - Level 1.7 Stealth
 + Level 3.1 Spellcasting
 + Level 4.5 Conjurations
 + Level 2.0 Evocations


You had 5 spell levels left.
You knew the following spells:

 Your Spells              Type           Power        Failure   Level  Hunger
a - Magic Dart            Conj           ###.         1%          1    None
b - Searing Ray           Conj           ###...       3%          2    None


Dungeon Overview and Level Annotations

Branches:
Dungeon (1/1)


Innate Abilities, Weirdness & Mutations

You have an increased reservoir of magic. (+10% MP)


Message History

The searing ray hits the ice beast.
The ice beast is severely wounded.
You finish channeling your searing ray.
The ice beast closely misses you.
Casting: Searing Ray
Confirm with . or Enter, or press ? or * to list all spells.
Aiming: Magic Dart
Press: ? - help, Shift-Dir - straight line, f/p - ice beast
Aim: an ice beast (severely wounded)
The magic dart hits the ice beast.
The ice beast is severely wounded.
The ice beast hits you. The ice beast freezes you!
Ouch! That really hurt!
* * * LOW HITPOINT WARNING * * *
The floating eye gazes piercingly through you!
You suddenly lose the ability to move!
The ice beast hits you.
* * * LOW HITPOINT WARNING * * *
The ice beast freezes you!
Ouch! That really hurt!
You die...

##########+
##########+##..........
#.?(.')))'.##......#..#
##########.##..........
#...........'..........
#+#####'#####......#..#
#..#@.#..##..........
#..Y..†..#####'#####+
##†####+###.......#
#... #.......# #....
#.......# #####+
#...<...# #.......#
#.......# #.......#


You could see an ice beast.

Vanquished Creatures
  A worker ant (D)
  An adder (D)
  A leopard gecko (D)
  A ball python (D)
  A bat skeleton (D)
  A bat zombie (D)
  A bat (D)
  A rat (D)
8 creatures vanquished.

Notes
Turn   | Place    | Note
-------+----------+-------------------------------------------
     0 | D        | potatolord6000 the Demigod Conjurer began the quest for the Orb.
     0 | D        | Reached XP level 1. HP: 14/14 MP: 5/5
    57 | D        | Noticed a worker ant
    62 | D        | Killed a worker ant
    62 | D        | Reached skill level 1 in Staves
    62 | D        | Reached skill level 4 in Conjurations
    62 | D        | Reached skill level 1 in Evocations
    62 | D        | Reached XP level 2. HP: 20/20 MP: 6/8
   157 | D        | Learned a level 2 spell: Searing Ray
   175 | D        | Reached XP level 3. HP: 17/26 MP: 1/10
   284 | D        | Noticed an ice beast
   287 | D        | Noticed a floating eye
   296 | D        | Paralysed by a floating eye for 4 turns
   297 | D        | Mangled by an ice beast

Vault maps used:
D:        pitsprint

Skill      XL: |  1  2 |
---------------+-------+-----
Dodging        | 2 3 |  3.2
Staves         | 1 2 |  2.1
Spellcasting   | 2 3 |  3.1
Conjurations   | 4 |  4.5
Evocations     | 1 2 |  2.0
Stealth        | |  1.7

Action                   || total
-------------------------++-------
Melee: Staff             ||     4
       Unarmed           ||     4
 Cast: Magic Dart        ||     7
       Searing Ray       ||     3
Evoke: Staff of energy   ||     1
  Use: Potion            ||     1
       Scroll            ||     1
 Stab: Sleeping          ||     1
Armor: Robe              ||     2
Dodge: Dodged            ||    20

Table legend:
 A = Spawn XP
 B = Non-spawn XP
 C = Spawn XP percentage of total XP
 D = Spawn monster count
 E = Non-spawn monster count
 F = Spawn count percentage of total count
 G = Total turns spent on level
                    A         B        C        D         E        F      G
               +---------+---------+-------+---------+---------+-------+---------
         Total |       0 |      57 |   0.0 |       0 |       8 |   0.0 |   297
               +---------+---------+-------+---------+---------+-------+---------
             D |       0 |      57 |   0.0 |       0 |       8 |   0.0 |   297
               +---------+---------+-------+---------+---------+-------+---------
